 Dungeon Crawl Stone Soup version 0.14-a0-2124-ga163777 (webtiles) character file.

150251 ReteAZ the Bludgeoner (level 16, -6/169 HPs)
             Began as a Troll Hunter on Jan 26, 2014.
             Was the Champion of Dithmengos.
             Killed from afar by a deep elf annihilator (28 damage)
             ... with a crystal spear
             ... on Level 3 of the Elven Halls on Jan 27, 2014.
             The game lasted 02:32:11 (31570 turns).

ReteAZ the Bludgeoner (Troll Hunter)               Turns: 31570, Time: 02:32:12

HP  -6/169       AC 11     Str 26      XL: 16   Next: 95%
MP   7/16        EV 14     Int  8      God: Dithmengos [******]
Gold 1417        SH  0     Dex 13      Spells:  3 memorised, 14 levels left

rFire  . . .     SeeInvis .     b - +11,+8 dire flail of the Six Moons {elec, Str+1}
rCold  . . .     Clarity  .     J - +0 troll leather armour
rNeg   + + +     Conserve .     (shield restricted)
rPois  +         rCorr    .     (helmet restricted)
rElec  +         rRot     +     T - +2 cloak of Gruang {rElec}
SustAb . .       Spirit   .     (gloves unavailable)
rMut   .         Warding  .     (boots unavailable)
Gourm  +         Stasis   .     O - amulet of faith
MR     +++++                    F - ring of sustenance
                                z - ring of protection from magic

@: shadow form, invisible, wreathed by umbra, drained, immune to hostile
enchantments, fairly stealthy
A: unfitting armour, antennae 1, claws 3, herbivore 1, fast metabolism 3,
gourmand, magic resistance 1, regeneration 2, saprovore 2, shaggy fur 1, tough
skin 2
a: End Transformation, Shadow Step, Shadow Form, Renounce Religion


You were on level 3 of the Elven Halls.
You worshipped Dithmengos.
Dithmengos was exalted by your worship.
You were completely stuffed.
You were a swirling mass of dark shadows.
You visited 5 branches of the dungeon, and saw 32 of its levels.

You collected 3087 gold pieces.
You spent 1670 gold pieces at shops.

Inventory:

Hand weapons
 a - the +11,+8 flail of Midwinter {flame, rC+ Int+4}
   (You found it on level 12 of the Dungeon)

   It emits flame when wielded, causing extra injury to most foes and up to
   double damage against particularly susceptible opponents.
   It affects your intelligence (+4).
   It protects you from cold.
   Dithmengos disapproves of the use of such an item.
 b - the +11,+8 dire flail of the Six Moons (weapon) {elec, Str+1}
   (You found it on level 8 of the Lair of Beasts)

   Occasionally, upon striking a foe, it will discharge some electrical energy
   and cause terrible harm.
   It affects your strength (+1).
Missiles
 M - 3 large rocks (quivered)
Armour
 G - a +0 orcish robe of magic resistance
 J - a +0 troll leather armour (worn)
 T - the +2 cloak of Gruang (worn) {rElec}
   (You found it on level 15 of the Dungeon)

   It insulates you from electricity.
Magical devices
 c - a wand of disintegration (13)
 d - a wand of digging (12)
 g - a wand of teleportation (3)
 l - a wand of heal wounds (2)
 n - a wand of draining (3)
 C - a wand of disintegration (5)
 P - a wand of draining (9)
 Q - a wand of polymorph (13)
Comestibles
 f - 3 chokos
 i - a royal jelly
 j - an apple
 k - 8 bread rations
 p - 5 meat rations
 t - an apricot
 w - a slice of pizza
 B - a chunk of elf flesh
 L - 2 pears
 N - 5 grapes
Scrolls
 e - 5 scrolls of teleportation
 s - 2 scrolls of remove curse
 x - a scroll of amnesia
 D - a scroll of fear
Jewellery
 h - a +3 ring of intelligence
 u - an uncursed amulet of clarity
 z - a ring of protection from magic (left claw)
 F - a ring of sustenance (right claw)
 O - an amulet of faith (around neck)
 S - an uncursed ring of flight
Potions
 m - a potion of restore abilities
 o - 5 potions of curing
 q - a potion of invisibility
 r - a potion of flight
 A - a potion of berserk rage
 E - a potion of brilliance
 H - a potion of heal wounds
 I - a potion of speed
 K - 2 potions of agility
Books
 v - a Grand Grimoire {highlevel}

   This book is beyond your current level of understanding.

   Spells                             Type                      Level
   Demonic Horde                      Summoning                    6
   Mass Abjuration                    Summoning                    6
   Haunt                              Necromancy/Summoning         7
   Summon Greater Demon               Summoning                    7
   Malign Gateway                     Summoning/Translocation      7
   Summon Horrible Things             Summoning                    8


   Skills:
 - Level 13.0(12.6) Fighting
 - Level 17.0(16.6) Maces & Flails
 - Level 3.6(3.3) Throwing
 - Level 6.0(5.7) Armour
 - Level 10.0(9.6) Dodging
 - Level 0.4(0.1) Stealth
 - Level 1.0(0.7) Unarmed Combat
 - Level 2.0(1.7) Spellcasting
   Level 2.0(1.7) Charms
 + Level 4.9(4.6) Translocations
 - Level 4.0(3.7) Evocations


You had 14 spell levels left.
You knew the following spells:

 Your Spells              Type           Power        Failure   Level  Hunger
a - Apportation           Tloc           #.........   6%          1    ##.....
b - Blink                 Tloc           N/A          10%         2    ###....
c - Portal Projectile     Tloc           #.....       10%         2    ###....


Dungeon Overview and Level Annotations

Branches:
Dungeon (16/16)            Temple (1/1) D:5             Orc (4/4) D:9
    Elf (3/3) Orc:4          Lair (8/8) D:10         Shoals (0/5) Lair:5
 Spider (0/5) Lair:5        Slime (0/6) Lair:7       Vaults (0/5) D:15
 Depths (0/6) D:16

Altars:
Cheibriados
Dithmengos
Fedhas
Kikubaaqudgha
Okawaru
Sif Muna
Trog
The Shining One
Beogh

Shops:
D:6 *   D:8 *   D:13 :   D:14 (   Orc:4 }(/[   Elf:2 **

Portals:
Trove: Elf:2 (give +4,+5 demon blade)

Annotations:
D:5 Edmund


Innate Abilities, Weirdness & Mutations

You are too large for most types of armour.
You have claws for hands.*
Your metabolism is lightning-fast.
You like to eat raw meat.
You heal very quickly.
You can eat rotten meat.
You are covered in fur (AC +1).*
You have very tough skin (AC +2).*
You have a pair of small antennae on your head.*
You digest meat inefficiently.
You are resistant to hostile enchantments.


Message History

Throwing (i - inventory):
M - 5 large rocks (quivered)
Press: ? - help, Shift-Dir - straight line, f/p - deep elf annihilator
Aim: a deep elf annihilator, wielding an elven long sword (black smoke, heavily wounded, umbra)
You throw a large rock.
The large rock crashes through the deep elf annihilator.
The deep elf annihilator is severely wounded.
The sun demon misses you. The deep elf annihilator misses you.
A deep elf annihilator comes into view. It is wielding an elven dagger.
Throwing (i - inventory):
M - 4 large rocks (quivered)
Press: ? - help, Shift-Dir - straight line, f/p - deep elf annihilator
Aim: a deep elf annihilator, wielding an elven long sword (black smoke, severely wounded, umbra)
You throw a large rock.
The large rock misses the deep elf annihilator.
Your shadow attacks!
Your shadow throws a large rock.
The large rock misses the deep elf annihilator.
The large rock disappears in a puff of smoke!
The sun demon misses you.
The deep elf annihilator casts a spell at you.
The crystal spear hits you!
You die...

.... #..# .....
#.##############..#
.....
#.........e..).e.e#
.....#
#.......#.#####.###
..... #.......#....eee#
.... #.......#(#######
#### #.......#e# '..###
#.....(.#3# ##.#..
+...)...#p######
##.#.###......§§§e....#
##.#........##§§§...[.#
##.#.....##.##.(...(..#
.#.#.##.###.##......(.#
.#......# #.##...######
.###.###....###... .#
#.# .#### #....
.###.#.#.# ##....


You could see 2 deep elf annihilators, a deep elf sorcerer and a sun demon.

Vanquished Creatures
  Maud (Lair:5)
  2 deep elf sorcerers
  A frost giant (D:16)
  The ghost of DaftWullie the Swashbuckler, a powerful KoBe of Trog (Orc:4)
  3 deep elf annihilators
  2 deep elf demonologists
  A deep elf high priest (Elf:3)
  An ogre mage (D:15)
  6 hydras
  Erica (Lair:2)
  9 death yaks
  A deep troll shaman (Lair:8)
  An orc high priest (Orc:3)
  5 centaur warriors
  A fire crab (shapeshifter) (Elf:2)
  A catoblepas (Lair:8)
  Nergalle (Lair:3)
  6 deep elf knights
  2 unseen horrors
  A giant amoeba (D:16)
  2 lindwurms
  The ghost of aspa the Thaumaturge, an experienced OpWz of Sif Muna (D:10)
  8 deep elf conjurers
  6 hill giants
  A wolf spider zombie (D:16)
  A griffon (D:16)
  2 wolf spiders
  4 orc knights (Orc:4)
  4 cyclopes
  An eye of devastation (Lair:7)
  The ghost of acidapple the Covert, an experienced SpAs of Nemelex Xobeh (D:6)
  2 orc sorcerers
  30 elephants
  2 slime creatures
  4 black mambas
  13 spiny frogs
  A feature mimic (Elf:1)
  5 deep elf summoners
  Psyche (D:10)
  5 yaktaurs
  3 centaur zombies
  6 trolls
  5 deep elf priests
  8 komodo dragons
  A centaur skeleton (D:10)
  Prince Ribbit (D:8)
  A red wasp zombie (D:15)
  6 two-headed ogres
  6 blink frogs
  5 trapdoor spiders
  3 wraiths
  3 sharks
  2 grizzly bears (Lair:8)
  4 basilisks
  17 deep elf magi
  43 yaks
  11 vampire mosquitoes
  25 ugly things
  2 wyverns
  4 elephant slugs
  3 hungry ghosts
  Grum (D:9)
  A hill giant skeleton (D:9)
  A steam dragon (Lair:2)
  19 deep elf fighters
  12 hippogriffs
  17 wolves
  A mottled dragon (D:15)
  An ogre skeleton (D:16)
  4 swamp worms (Lair:3)
  31 orc warriors
  2 black bears
  3 slaves (D:8)
  An orc zombie (D:13)
  A swamp drake (Lair:5)
  4 ice beasts
  A soldier ant (D:14)
  4 phantoms
  2 sky beasts
  6 porcupines
  2 giant goldfish (Lair:1)
  12 ogres
  A yellow wasp (D:13)
  25 centaurs
  12 crocodiles
  Sigmund (D:4)
  A warg (Orc:4)
  10 giant slugs
  3 big kobolds
  13 water moccasins
  3 lava worms (Elf:2)
  18 giant frogs
  A brain worm (D:15)
  6 agate snails
  A giant slug zombie (D:16)
  A cyclops zombie (D:14)
  An eye of draining (Lair:7)
  A lava fish (Elf:2)
  23 wights
  6 jellyfish
  A hippogriff zombie (D:5)
  4 electric eels
  19 killer bees
  2 lava snakes (Elf:2)
  A jelly (D:6)
  11 crimson imps
  A goliath beetle (D:9)
  24 orc priests
  A giant frog skeleton (D:10)
  10 iguanas
  11 hounds
  23 orc wizards
  A spectral orc (Lair:3)
  2 scorpions
  8 worker ants
  2 orange rats
  18 sheep
  Ijyb (D:5)
  A big kobold skeleton (D:9)
  18 adders
  45 green rats
  6 giant centipedes
  7 gnolls
  4 giant mites
  2 inept feature mimics (D:5)
  An inept item mimic (Orc:1)
  17 worms
  A scorpion zombie (D:6)
  4 grey rats (D:7)
  An adder skeleton (D:5)
  A giant eyeball (D:12)
  4 oozes
  172 orcs
  3 giant cockroaches
  24 goblins
  14 hobgoblins
  19 jackals
  7 quokkas
  2 ball pythons
  33 bats
  9 giant geckos
  4 giant newts
  3 giant spores
  A goblin skeleton (D:4)
  25 kobolds
  24 rats
  12 ballistomycetes
  2 fungi
  A plant (Lair:5)
1160 creatures vanquished.

Vanquished Creatures (collateral kills)
  An orc wizard (D:10)
1 creature vanquished.

Vanquished Creatures (others)
  A hill giant (D:11)
  A porcupine (Lair:7)
  A giant frog (Lair:7)
  An orc (Orc:2)
  A giant spore (D:13)
  5 fungi (Lair:8)
  A plant (Lair:7)
11 creatures vanquished.

Grand Total: 1172 creatures vanquished

Notes
Turn   | Place    | Note
--------------------------------------------------------------
     0 | D:1      | ReteAZ, the Troll Hunter, began the quest for the Orb.
     0 | D:1      | Reached XP level 1. HP: 19/19 MP: 1/1
   182 | D:1      | Reached XP level 2. HP: 27/27 MP: 1/1
   687 | D:2      | Reached XP level 3. HP: 30/33 MP: 2/2
   691 | D:2      | Reached skill level 1 in Maces & Flails
  1335 | D:3      | Reached XP level 4. HP: 19/41 MP: 2/2
  1400 | D:3      | Found a glowing golden altar of the Shining One.
  1400 | D:3      | Noticed an angel
  1617 | D:3      | Found an ancient bone altar of Kikubaaqudgha.
  1622 | D:3      | Found a bloodstained altar of Trog.
  1622 | D:3      | Found a glowing golden altar of the Shining One.
  1994 | D:4      | Reached XP level 5. HP: 15/48 MP: 2/2
  2354 | D:4      | Reached XP level 6. HP: 27/55 MP: 3/3
  2422 | D:4      | Reached skill level 4 in Maces & Flails
  2423 | D:4      | Noticed Sigmund
  2427 | D:4      | Killed Sigmund
  2938 | D:5      | Entered Level 5 of the Dungeon
  2999 | D:5      | Reached skill level 5 in Maces & Flails
  2999 | D:5      | Reached XP level 7. HP: 18/62 MP: 3/3
  3196 | D:5      | Found a staircase to the Ecumenical Temple.
  3220 | D:5      | Noticed Edmund
  3271 | Temple   | Entered the Ecumenical Temple
  3290 | Temple   | Became a worshipper of Dithmengos
  3389 | D:5      | Noticed Ijyb
  3709 | D:5      | Killed Ijyb
  3709 | D:5      | Reached skill level 6 in Maces & Flails
  3801 | D:5      | Reached XP level 8. HP: 63/70 MP: 3/3
  3836 | D:5      | Reached skill level 5 in Dodging
  3920 | D:5      | Reached skill level 7 in Maces & Flails
  4098 | D:6      | Noticed acidapple's ghost (experienced SpAs)
  4294 | D:5      | Reached skill level 8 in Maces & Flails
  4629 | D:6      | Killed acidapple's ghost
  4629 | D:6      | Reached skill level 9 in Maces & Flails
  4784 | D:6      | Reached XP level 9. HP: 49/76 MP: 4/4
  4963 | D:6      | Found Chein's Serpentskin Sales.
  5231 | D:7      | Reached skill level 10 in Maces & Flails
  5256 | D:7      | Acquired Dithmengos' first power
  5802 | D:7      | Acquired Dithmengos' second power
  6141 | D:8      | Found Raefuv's General Store.
  6169 | D:8      | Reached skill level 11 in Maces & Flails
  6776 | D:8      | Found a blossoming altar of Fedhas.
  6793 | D:8      | Noticed Prince Ribbit
  6801 | D:8      | Killed Prince Ribbit
  6801 | D:8      | Reached XP level 10. HP: 77/85 MP: 4/4
  6905 | D:9      | Reached skill level 12 in Maces & Flails
  6918 | D:9      | Found a staircase to the Orcish Mines.
  7317 | D:9      | Acquired Dithmengos' third power
  7527 | D:9      | Noticed Grum
  7543 | D:9      | Killed Grum
  7820 | D:9      | Found a snail-covered altar of Cheibriados.
  8103 | D:10     | Entered Level 10 of the Dungeon
  8291 | D:10     | Noticed aspa's ghost (experienced OpWz)
  8298 | D:10     | Killed aspa's ghost
  8298 | D:10     | Reached skill level 13 in Maces & Flails
  8355 | D:10     | Acquired Dithmengos' fourth power
  8382 | D:10     | Found a staircase to the Lair.
  8613 | D:10     | Noticed Psyche
  8621 | D:10     | Noticed a hill giant
  8638 | D:10     | Killed a hill giant
  8640 | D:10     | Killed Psyche
  8640 | D:10     | Reached skill level 14 in Maces & Flails
  8640 | D:10     | Reached XP level 11. HP: 92/92 MP: 4/4
  9240 | D:11     | Noticed a hill giant
  9251 | D:11     | Killed a hill giant
  9553 | D:11     | Noticed a four-headed hydra
  9560 | D:11     | Killed a four-headed hydra
  9698 | Lair:1   | Entered Level 1 of the Lair of Beasts
 11172 | Lair:2   | Found a snail-covered altar of Cheibriados.
 11422 | Lair:2   | Noticed Erica
 11429 | Lair:2   | Killed Erica
 12533 | Lair:2   | Reached XP level 12. HP: 101/107 MP: 5/5
 12937 | Lair:3   | Noticed Nergalle
 12950 | Lair:3   | Killed Nergalle
 13339 | Lair:3   | Reached skill level 5 in Fighting
 14771 | Lair:5   | Noticed a seven-headed hydra
 14784 | Lair:5   | Killed a seven-headed hydra
 14784 | Lair:5   | Reached skill level 10 in Dodging
 15089 | Lair:5   | Found a hole to the Spider Nest.
 15254 | Lair:5   | Found a staircase to the Shoals.
 15456 | Lair:5   | Noticed Maud
 15471 | Lair:5   | Killed Maud
 16299 | Lair:6   | Reached XP level 13. HP: 64/131 MP: 5/5
 17100 | Lair:7   | Reached skill level 10 in Fighting
 17230 | Lair:7   | Reached skill level 1 in Evocations
 17474 | Lair:7   | Found a staircase to the Slime Pits.
 18222 | Lair:8   | Entered Level 8 of the Lair of Beasts
 18921 | Lair:8   | Got a polished dire flail
 18929 | Lair:8   | Identified the cursed +11,+8 dire flail of the Six Moons {elec, Str+1} (You found it on level 8 of the Lair of Beasts)
 19110 | Lair:8   | Reached skill level 15 in Maces & Flails
 19447 | Lair:8   | Reached XP level 14. HP: 115/143 MP: 14/14
 19731 | Lair:8   | Reached skill level 16 in Maces & Flails
 20532 | Orc:1    | Entered Level 1 of the Orcish Mines
 20552 | Orc:1    | Upgraded the game from 0.14-a0-2100-g3cf34dd to 0.14-a0-2119-ge69afc6
 21162 | Orc:3    | Found a bloodstained altar of Trog.
 21574 | Orc:2    | Found a roughly hewn altar of Beogh.
 21756 | Orc:1    | Found a roughly hewn altar of Beogh.
 22265 | Orc:4    | Entered Level 4 of the Orcish Mines
 22265 | Orc:4    | Found a staircase to the Elven Halls.
 22463 | Orc:4    | Noticed DaftWullie's ghost (powerful KoBe)
 23077 | Orc:4    | Killed DaftWullie's ghost
 23077 | Orc:4    | Reached skill level 17 in Maces & Flails
 23405 | Orc:4    | Found Jeogory's Magical Wand Shop.
 23405 | Orc:4    | Found Cranixee's Antique Weapon Emporium.
 23408 | Orc:4    | Found Xatwea's Gadget Shoppe.
 23410 | Orc:4    | Found Qohiokol's Armour Boutique.
 23424 | Orc:4    | Bought a wand of digging (12) for 320 gold pieces
 23424 | Orc:4    | Bought a wand of teleportation (3) for 210 gold pieces
 23758 | D:12     | Found a glowing golden altar of the Shining One.
 23827 | D:12     | Got a crude flail
 23828 | D:12     | Identified the +11,+8 flail of Midwinter {flame, rC+ Int+4} (You found it on level 12 of the Dungeon)
 23932 | D:12     | Found a deep blue altar of Sif Muna.
 24964 | D:13     | Found Arizas' Book Shoppe.
 25214 | D:13     | Upgraded the game from 0.14-a0-2119-ge69afc6 to 0.14-a0-2124-ga163777
 25729 | D:14     | Reached XP level 15. HP: 154/154 MP: 16/16
 25745 | D:14     | Found Isyliw's Antique Weapon Boutique.
 25965 | D:15     | Entered Level 15 of the Dungeon
 26658 | D:15     | Found a gate to the Vaults.
 26829 | D:15     | Got a distressingly furry cloak
 26833 | D:15     | Identified the +2 cloak of Gruang {rElec} (You found it on level 15 of the Dungeon)
 26928 | D:16     | Entered Level 16 of the Dungeon
 27148 | D:16     | Reached skill level 1 in Spellcasting
 27148 | D:16     | Reached XP level 16. HP: 165/167 MP: 16/16
 27340 | D:16     | Found a staircase to the Depths.
 28178 | D:13     | Bought a book of Spatial Translocations for 780 gold pieces
 28181 | D:13     | Learned a level 1 spell: Apportation
 28184 | D:13     | Learned a level 2 spell: Blink
 28187 | D:13     | Learned a level 2 spell: Portal Projectile
 28320 | Lair:1   | Gained mutation: You are resistant to hostile enchantments. [potion of mutation]
 28320 | Lair:1   | Gained mutation: You have a pair of small antennae on your head. [potion of mutation]
 28320 | Lair:1   | Gained mutation: You digest meat inefficiently. [potion of mutation]
 28469 | Elf:1    | Entered Level 1 of the Elven Halls
 28834 | Elf:1    | Reached skill level 1 in Translocations
 29028 | Elf:1    | Reached skill level 5 in Armour
 29334 | Elf:2    | Found Lepleis' General Store.
 29753 | Elf:2    | Found a portal to a secret trove of treasure.
 29824 | Elf:2    | Found Groagh's Elven Fire.
 30108 | Elf:2    | Bought a scroll of brand weapon for 360 gold pieces
 31135 | Elf:3    | Entered Level 3 of the Elven Halls
 31570 | Elf:3    | Killed from afar by a deep elf annihilator

Action                   |  1- 3 |  4- 6 |  7- 9 | 10-12 | 13-15 | 16-18 || total
-------------------------+-------+-------+-------+-------+-------+-------++-------
Melee: Unarmed           |   146 |    19 |       |     4 |       |       ||   169
       Flail             |       |   143 |   269 |       |       |       ||   412
       Giant spiked club |       |       |    30 |       |       |       ||    30
       Dire flail        |       |       |   220 |   967 |  1164 |   298 ||  2649
Throw: Large rock        |       |    10 |    33 |    36 |    43 |    35 ||   157
       Throwing net      |       |       |     4 |     1 |     1 |       ||     6
Invok: Shadow Form       |       |       |       |       |       |     1 ||     1
Evoke: Wand              |       |       |       |    10 |     6 |     2 ||    18
  Use: Scroll            |       |     8 |     4 |    16 |    12 |     8 ||    48
       Potion            |       |     5 |     1 |       |     9 |     4 ||    19
 Stab: Held in net/web   |       |       |     2 |     1 |       |       ||     3
       Sleeping          |       |       |     7 |    16 |     9 |     1 ||    33
       Distracted        |       |       |       |     3 |     3 |       ||     6
